AoeStats
← Mycorrhizal

Arena

509132963Analyzed
4v4 RM · 7d ago on Sep 25, 2026· 39m 0s· 8 players
Game mode
Random Map
Map size
Large (8 player)
Population
200
Speed
Normal
Resources
Standard
Victory
Conquest
Starting age
Dark Age
Ending age
Imperial Age
RankedLock teamsTeams togetherTeam positionsShared explorationLock speedFull tech treeHidden civsTurbo modeCheats
Victory
Defeat
🇨🇳 Mongols · China
1422
+16
🇨🇳 Magyars · China
1422
+16
🇭🇰 Turks · Hong Kong SAR China
1412
+16
🇯🇵 Saxons · Japan
1376
+18
🇧🇷 Italians · Brazil
1484
-18
🇨🇦 Varangians · Canada
1449
-18
🇨🇦 Khmer · Canada
1397
-16
🇦🇷 Cumans · Argentina
1359
-14
[Fx、]AirDk
10:28 Feudal Age
14:16 Castle Age
12:12 Double-Bit Axe
12:11 Horse Collar
21:22 Loom
22:18 Town Watch
23:38 Wheelbarrow
29:10 Imperial Age
27:33 Hand Cart
27:29 Bow Saw
27:11 Gold Mining
27:22 Heavy Plow
28:19 Ballistics
28:19 Fletching
28:35 Stone Mining
28:58 Bodkin Arrow
29:16 Onager
30:21 Siege Engineers
30:31 Fervor
30:54 Conscription
31:29 Bracer
32:30 Chemistry
31:28 Elite Mangudai
32:29 Padded Archer Armor
32:31 Husbandry
32:42 Bloodlines
32:44 Thumb Ring
33:04 Murder Holes
33:42 Parthian Tactics
33:27 Capped Ram
34:43 Leather Archer Armor
34:40 Masonry
35:11 Siege Ram
35:15 Siege Onager
36:58 Drill
36:58 Siege Ram
harusame
9:50 Feudal Age
14:04 Castle Age
12:01 Double-Bit Axe
13:00 Horse Collar
14:54 Heavy Plow
18:05 Loom
22:09 Wheelbarrow
22:10 Bow Saw
27:58 Imperial Age
25:39 Scale Mail Armor
25:50 Forging
26:25 Hand Cart
26:07 Gold Mining
26:44 Squires
26:30 Arson
28:25 Chain Mail Armor
28:51 Iron Casting
28:31 Elite Varangian Guard
29:25 Capped Ram
30:28 Stone Mining
31:28 Conscription
32:43 Plate Mail Armor
36:16 Fletching
37:37 Shield Wall
hugo0379
10:33 Feudal Age
12:42 Double-Bit Axe
15:05 Castle Age
19:52 Imperial Age
19:12 Scale Barding Armor
19:11 Padded Archer Armor
19:30 Bow Saw
32:59 Wheelbarrow
32:11 Loom
33:59 Stone Mining
34:00 Gold Mining
37:54 Artillery
第一滴血
10:30 Feudal Age
11:51 Loom
14:10 Castle Age
12:25 Double-Bit Axe
12:39 Horse Collar
14:24 Wheelbarrow
21:57 Hand Cart
22:04 Bow Saw
23:35 Heavy Plow
23:27 Gold Mining
27:57 Imperial Age
25:54 Stone Mining
26:08 Loom
26:09 Town Watch
26:16 Fletching
26:48 Ballistics
27:36 Gold Shaft Mining
27:44 Bodkin Arrow
27:50 Padded Archer Armor
28:42 Bracer
29:45 Chemistry
29:25 Conscription
30:07 Two-Man Saw
29:50 Bloodlines
30:11 Recurve Bow
30:29 Leather Archer Armor
31:13 Thumb Ring
31:35 Parthian Tactics
31:29 Heavy Cavalry Archer
33:08 Crop Rotation
33:07 Corvinian Army
33:58 Ring Archer Armor
33:33 Scale Barding Armor
34:22 Coinage
33:52 Elite Magyar Huszar
36:06 Chain Barding Armor
37:26 Hoardings
37:58 Plate Barding Armor
37:54 Banking
Im2Good4YoMoma
10:32 Feudal Age
14:29 Castle Age
12:47 Double-Bit Axe
14:06 Horse Collar
15:24 Bow Saw
16:40 Loom
20:44 Wheelbarrow
22:49 Gold Mining
23:34 Heavy Plow
25:59 Forging
25:54 Scale Barding Armor
28:32 Imperial Age
26:25 Hand Cart
26:22 Town Watch
27:00 Bloodlines
27:30 Iron Casting
28:14 Stone Mining
28:45 Husbandry
29:15 Chain Barding Armor
28:46 Fletching
28:39 Treadmill Crane
29:20 Ballistics
29:12 Masonry
28:52 Cavalier
30:35 Blast Furnace
30:30 Stone Shaft Mining
31:15 Two-Man Saw
31:47 Vendel Legacy
33:09 Plate Barding Armor
34:04 Conscription
37:58 Light Cavalry
Mycorrhizal
9:32 Feudal Age
12:01 Double-Bit Axe
15:01 Castle Age
13:42 Stone Mining
15:02 Loom
15:54 Bow Saw
18:09 Horse Collar
22:49 Heavy Plow
24:54 Wheelbarrow
25:52 Gold Mining
29:51 Imperial Age
27:42 Hand Cart
28:07 Pikeman
29:49 Scale Mail Armor
30:11 Masonry
30:45 Chain Mail Armor
30:09 Halberdier
33:52 Chemistry
33:11 Fletching
33:22 Padded Archer Armor
33:34 Forging
34:14 Gold Shaft Mining
34:15 Stone Shaft Mining
34:23 Bodkin Arrow
34:45 Leather Archer Armor
35:05 Conscription
36:38 Bracer
37:16 Ring Archer Armor
37:55 Ballistics
PedrodeMatos
10:51 Feudal Age
12:50 Double-Bit Axe
15:08 Castle Age
13:12 Gold Mining
20:39 Imperial Age
18:10 Horse Collar
19:06 Bow Saw
19:20 Fletching
20:27 Forging
20:17 Bodkin Arrow
20:10 Crossbowman
20:53 Loom
21:39 Ballistics
21:59 Bracer
27:05 Padded Archer Armor
28:21 Chemistry
32:00 Thumb Ring
33:30 Leather Archer Armor
33:28 Arbalester
34:33 Heavy Plow
36:35 Ring Archer Armor
36:59 Elite Skirmisher
38:33 Wheelbarrow
AWAKALTA
8:34 Feudal Age
9:21 Double-Bit Axe
10:45 Horse Collar
15:43 Wheelbarrow
17:16 Town Watch
20:47 Castle Age
19:10 Bloodlines
19:37 Gold Mining
19:58 Loom
23:12 Bloodlines
23:16 Scale Barding Armor
25:44 Imperial Age
24:04 Bow Saw
24:49 Chain Barding Armor
25:28 Forging
25:52 Cavalier
27:42 Plate Barding Armor
29:19 Iron Casting
Connection lost

Rejoining the realm…

Still unreachable

The connection could not be restored.

Session expired

The server has moved on; the page needs a fresh start.